 Dungeon Crawl Stone Soup version 0.29-a0-297-g7659ce593d (console) character file.

Game seed: 11189998662650231329

30 Gather the Conjurer (level 3, -3/24 HPs)
             Began as a Mummy Conjurer on Mar 20, 2022.
             Killed from afar by Terence (9 damage)
             ... with a puff of flame
             ... on level 2 of the Dungeon.
             The game lasted 00:03:29 (1586 turns).

Gather the Conjurer (Mummy Conjurer)                Turns: 1586, Time: 00:03:30

Health: -3/24      AC:  2    Str: 10    XL:     3   Next: 3%
Magic:  7/7        EV: 12    Int: 19    God:
Gold:   55         SH:  0    Dex: 10    Spells: 4/7 levels left

rFire   x . .      SeeInvis .   g - +0 dagger
rCold   + . .      Faith    .   (no shield)
rNeg    + + +      Spirit   .   a - +0 robe
rPois   ∞          Reflect  .   (no helmet)
rElec   .          Harm     .   (no cloak)
rCorr   .          Rampage  .   (no gloves)
Will    .....                   (no boots)
Stlth   ++........              (no amulet)
HPRegen 0.08/turn               (no ring)
MPRegen 0.10/turn               (no ring)

@: no status effects
A: cold resistance 1, negative energy resistance 3, torment resistance 2, heat
vulnerability 1, in touch with death 1, no potions
a: no special abilities


You were on level 2 of the Dungeon.
You visited 1 branch of the dungeon, and saw 2 of its levels.

You collected 55 gold pieces.

Inventory:

Hand Weapons
 c - a +0 club
 g - a +0 dagger (weapon)
Missiles
 d - 59 stones
Armour
 a - a +0 robe (worn)
 b - a +0 ring mail
Magical Staves
 f - a staff of air
Scrolls
 e - a scroll of fear {unknown}


   Skills:
 - Level 1.7 Dodging
 - Level 1.8 Stealth
 - Level 2.9 Spellcasting
 + Level 3.8 Conjurations


You had 4 spell levels left.
You knew the following spells:

 Your Spells              Type           Power      Damage    Failure   Level
a - Searing Ray           Conj           34%        2d5       4%          2
b - Magic Dart            Conj           68%        1d6       3%          1

Your spell library contained the following spells:

 Spells                   Type           Power      Damage    Failure   Level
 Dazzling Flash           Conj/Hex       20%        N/A       21%         3
 Fulminant Prism          Conj/Hex       5%         3d7       56%         4
 Iskenderun's Mystic Bla  Conj/Tloc      10%        2d4       56%         4


Dungeon Overview and Level Annotations

Branches:
Dungeon (2/15)

Altars:

Annotations:
D:2 Terence


Innate Abilities, Weirdness & Mutations

You are immune to poison.
Your flesh is cold resistant. (rC+)
You are immune to negative energy. (rN+++)
You are immune to unholy pain and torment.
You are vulnerable to heat. (rF-)
You are in touch with the powers of death.
You do not drink.


Message History

You closely miss the goblin. The goblin hits you with a +0 dagger.
* * * LOW HITPOINT WARNING * * *
You closely miss the goblin. The goblin closely misses you.
The goblin hits you with a +0 dagger.
* * * LOW HITPOINT WARNING * * *
You hit the goblin.
The goblin is moderately wounded.
The goblin closely misses you.
Casting: Searing Ray (safe; 4% risk of failure)
Confirm with . or Enter, or press ? or * to list all spells.
You don't have enough magic to cast this spell.
Casting: Searing Ray (safe; 4% risk of failure)
Confirm with . or Enter, or press ? or * to list all spells.
Aiming: Magic Dart (safe; 3% risk of failure)
Press: ? - help, Shift-Dir - straight line, f/p - goblin
Aim: a goblin, wielding a +0 dagger (moderately wounded, 100% to hit)
The magic dart hits the goblin.
You kill the goblin!
Okay, then.
You climb upwards.
There is a stone staircase leading down here.
You start resting.
Magic restored.
You start resting.
HP restored.
You climb downwards.
Level annotation: Terence
There is a stone staircase leading up here.
You see here a +0 dagger.
g - a +0 dagger (weapon)
There is a stone staircase leading up here.
Terence shouts!
Terence zaps a wand.
The puff of flame hits you!! The fire burns you terribly!
Ouch! That really hurt!
* * * LOW HITPOINT WARNING * * *
Casting: Magic Dart (safe; 3% risk of failure)
Confirm with . or Enter, or press ? or * to list all spells.
You can't see any susceptible monsters within range! (Use Z to cast anyway.) Terence shouts, "Now you die!"
Terence zaps a wand.
The puff of flame hits you! The fire burns you terribly!
You die...

################+####
......................
......####...........#
......# #...........#
.....#####...........#
.........#.<.........#
.........#...........#.#
#........#.............#
#........#......@...@#
#........#...........#
#.....†..##.##+#........
.........##.# #########
............. .......
............ .......
............ .......
########### .......
r...... # ....... .
.......#.


You could see Terence.

Vanquished Creatures
  5 bats (D:1)
  4 endoplasms
  A giant cockroach (D:1)
  6 goblins
  2 hobgoblins (D:1)
  A ball python (D:1)
  2 kobolds (D:1)
  5 rats
26 creatures vanquished.

Vanquished Creatures (others)
  4 plants (D:1)
4 creatures vanquished.

Grand Total: 30 creatures vanquished

Notes
Turn   | Place    | Note
-------+----------+-------------------------------------------
     0 | D:1      | Gather the Mummy Conjurer began the quest for the Orb.
     0 | D:1      | Reached XP level 1. HP: 13/13 MP: 4/4
   148 | D:1      | Found a faded altar of an unknown god.
   305 | D:1      | Reached XP level 2. HP: 17/19 MP: 0/5
   308 | D:1      | Learned a level 2 spell: Searing Ray
  1010 | D:2      | Noticed Terence
  1317 | D:2      | Gained mutation: You are in touch with the powers of death.
                  | [Mummy growth]
  1317 | D:2      | Reached XP level 3. HP: 24/24 MP: 0/7
  1586 | D:2      | Killed from afar by Terence

Illustrated notes

Levels and vault maps discovered:
D:1:      dpeg_arrival_simpleton_c, layout_rooms,
          hellmonk_ecumenical_altar_heavens_door, minmay_misc_feat_columns,
          corexii_item_surrounded_by_moat, serial_bayou_pond_c,
          corexii_hall_statues_x
D:2:      layout_basic, serial_curves, eino_curves_03, eino_curves_01,
          uniq_terence

Action                   || total
-------------------------++-------
Melee: Club              ||    14
 Cast: Magic Dart        ||    34
       Searing Ray       ||     9
Armor: Robe              ||     7
Dodge: Dodged            ||    26

Table legend: (Time is in decaauts)
 A = Elapsed time spent in this place.
 B = Non-inter-level travel time spent in this place.
 C = Inter-level travel time spent in this place.
 D = Time resting spent in this place.
 E = Time spent auto-exploring this place.
 F = Levels seen in this place.
 G = Mean time per level.
                   A        B        C        D        E       F      G
               +--------+--------+--------+--------+--------+-----+--------+
         Total |   1597 |   1552 |     45 |    229 |   1117 |   2 |  798.5 |
       Dungeon |   1597 |   1552 |     45 |    229 |   1117 |   2 |  798.5 |
               +--------+--------+--------+--------+--------+-----+--------+

Top non-repeatable levels by time:
     D:1: 1478 daAuts
     D:2: 118 daAuts
